Map: Prion Terraces

Players

WeltallFan

  • Race: Terran Terran
  • League: Diamond

LilDicky - Winner!

  • Race: Terran Terran
  • League: Diamond

VOD

http://www.twitch.tv/tumescentpie

Description

Time

  • Played on: Dec. 3, 2015, 12:27 p.m.
  • Length: 5:48
Show
View Real Time Build Order
Export as new Build Order

WeltallFan Terran 

Build Orders:  

Get SALT Encoding   

  12  0:01  SCV  
  13  0:13  SCV  
  14  0:18  Supply Depot  
  14  0:29  SCV  
  15  0:41  SCV, Barracks  
  16  0:48  Refinery  
  16  0:53  SCV  
  17  1:06  SCV  
  17  1:11  Barracks  
  18  1:22  Barracks  
  19  1:32  Reaper  
  19  1:38  Orbital Command  
  19  1:47  Supply Depot  
  19  1:59  Reaper  
  20  2:02  Refinery  
  20  2:03  SCV  
  21  2:17  Reaper  
  21  2:29  Reaper  
  22  2:40  Reaper  
  23  2:49  Reaper  
  24  2:52  SCV  
  24  2:53  Barracks  
  24  2:55  Barracks  
  25  3:01  Reaper  
  25  3:16  Reaper  
  26  3:22  SCV, Reaper  
  28  3:33  Reaper  
  26  3:46  Reaper x2  
  26  3:49  SCV  
  27  4:01  SCV  
  27  4:02  Reaper  
  29  4:04  Reaper  
  29  4:05  Command Center  
  30  4:13  SCV  
  31  4:19  Supply Depot  
  31  4:37  Supply Depot, Reaper  
  31  4:40  SCV, Reaper x2  
  33  4:47  Reaper  
  28  5:04  SCV  
  29  5:14  Reaper  
  30  5:27  SCV  
Show
View Real Time Build Order
Export as new Build Order

LilDicky Terran - Winner!

Build Orders:  

Get SALT Encoding   

  12  0:02  SCV  
  14  0:14  SCV  
  14  0:18  Supply Depot  
  14  0:26  SCV  
  15  0:37  Refinery  
  15  0:40  SCV  
  16  0:45  Barracks  
  16  0:52  SCV  
  17  1:04  SCV  
  18  1:16  SCV  
  19  1:28  SCV  
  20  1:37  Reaper  
  21  1:42  Orbital Command  
  21  1:45  Supply Depot  
  21  1:48  Refinery  
  21  1:58  Factory  
  21  2:10  SCV  
  21  2:22  Reaper  
  22  2:26  SCV  
  23  2:38  SCV  
  23  2:39  Command Center  
  23  2:43  Hellion  
  25  2:54  Reaper  
  26  3:04  SCV  
  27  3:16  SCV, Hellion  
  30  3:32  Reaper  
  30  3:46  Starport  
  30  3:49  SCV  
  30  3:50  Orbital Command  
  30  3:54  Factory Tech Lab  
  31  3:56  Supply Depot  
  31  4:01  SCV  
  32  4:05  Reaper  
  33  4:13  SCV  
  33  4:14  Siege Tank  
  33  4:15  Orbital Command  
  37  4:25  SCV  
  37  4:27  Starport Tech Lab  
  37  4:31  Supply Depot  
  38  4:59  Banshee, Siege Tank  
  36  5:03  SCV  
  37  5:09  Barracks  
  37  5:10  Barracks  
  37  5:15  SCV  
  37  5:20  SCV  
  39  5:26  Barracks Tech Lab  
  39  5:27  SCV  
Tags
 
Add a new tag
Caveats
  • Supply blocks, unpowered buildings, or Contaminate may cause inaccurate times.
  • Supply counts are checked every 10 seconds.